 Dungeon Crawl Stone Soup version 0.30-a0-591-g3c58d2bc28 (webtiles) character file.

Game seed: 7287586402981798500

47181 wormed the Transmogrifier (level 14, -8/98 HPs)
             Began as an Octopode Transmuter on Jan 5, 2023.
             Was an Initiate of Gozag.
             Mangled by a meliai
             ... wielding a +0 war axe
              (15 damage)
             ... on level 5 of the Lair of Beasts.
             The game lasted 00:34:53 (18011 turns).

wormed the Transmogrifier (Octopode Transmuter)    Turns: 18011, Time: 00:34:54

Health: -8/98      AC:  9    Str: 13    XL:     14   Next: 40%
Magic:  19/26      EV: 17    Int: 37    God:    Gozag
Gold:   2671       SH:  0    Dex: 12    Spells: 14/29 levels left

rFire   . . .      SeeInvis +    b - staff of cold
rCold   + . .      Faith    .    (no shield)
rNeg    + . .      Spirit   .    (helmet restricted)
rPois   .          Reflect  .    B - amulet of regeneration
rElec   .          Harm     .    g - ring of resist corrosion
rCorr   +          Rampage  .    n - +4 ring of protection
Will    +....                    r - +6 ring of intelligence
Stlth   ++                       s - +6 ring of intelligence
HPRegen 1.16/turn                x - +4 ring of protection
MPRegen 0.20/turn                I - ring of wizardry
                                 U - ring of Wiym {Contam rN+ Str+3 Int+5 SInv}
                                 (no ring)

@: lethally poisoned (-8 -> -8), wereblooded, very slightly contaminated,
slowed, very slow
A: almost no armour, amphibious, 8 rings, camouflage 1, gelatinous body 1,
(nimble swimmer 1), tentacles
a: Renounce Religion, Potion Petition, Call Merchant, Bribe Branch


You were on level 5 of the Lair of Beasts.
You worshipped Gozag.
Gozag was most pleased with you.
You visited 3 branches of the dungeon, and saw 17 of its levels.

You collected 5121 gold pieces.
You spent 1854 gold pieces at shops.
You paid 596 gold pieces to Gozag.

Inventory:

Hand Weapons
 t - the +10 zealot's sword {holy, *Rage rN+ EV+3}
   (You found it on level 5 of the Dungeon)

   Whenever the wielder enters a berserk rage, their allies are berserked
   alongside them.
   EV:        It affects your evasion (+3).
   rN:        It protects you from negative energy.
   *Rage:     It berserks you when you make melee attacks (+20% chance).
Missiles
 q - 4 throwing nets
Magical Staves
 b - a staff of cold (weapon)
Jewellery
 g - a ring of resist corrosion (left tentacle)
 n - a +4 ring of protection (right tentacle)
 r - a +6 ring of intelligence (on tentacle)
 s - a +6 ring of intelligence (on tentacle)
 x - a +4 ring of protection (on tentacle)
 B - an amulet of regeneration (around mantle)
 I - a ring of wizardry (on tentacle)
 R - a ring of flight
 S - a ring of protection from cold
 U - the ring of Wiym (on tentacle) {Contam rN+ Str+3 Int+5 SInv}
   (You found it on level 5 of the Lair of Beasts)

   [ring of positive energy]

   Str:       It affects your strength (+3).
   Int:       It affects your intelligence (+5).
   rN:        It protects you from negative energy.
   SInv:      It lets you see invisible.
   Contam:    It causes magical contamination when unequipped.
Wands
 d - a wand of paralysis (6) (quivered)
 E - a wand of flame (10)
 K - a wand of polymorph (11)
 L - a wand of iceblast (8)
 T - a wand of digging (5)
Scrolls
 c - 2 scrolls of enchant armour
 e - 3 scrolls of poison
 h - a scroll of fog
 j - a scroll of fear
 k - 9 scrolls of teleportation
 o - 2 scrolls of brand weapon
 v - 3 scrolls of vulnerability
 y - 3 scrolls of silence
 A - a scroll of torment
 C - a scroll of magic mapping
 D - a scroll of amnesia
 J - 2 scrolls of enchant weapon
 M - a scroll of blinking
 P - a scroll of summoning
Potions
 a - 3 potions of lignification
 f - a potion of magic
 i - 2 potions of degeneration
 l - 3 potions of resistance
 m - 4 potions of flight
 p - a potion of heal wounds
 u - 2 potions of ambrosia
 w - a potion of might
 z - 3 potions of attraction
 F - a potion of invisibility {unknown}
 G - 3 potions of curing {unknown}
 H - a potion of haste {unknown}
 O - a potion of brilliance {unknown}
 Q - a potion of berserk rage {unknown}


   Skills:
 + Level 9.9 Fighting
 + Level 10.0 Dodging
 + Level 10.3 Unarmed Combat
 - Level 8.0 Spellcasting
 - Level 12.0 Transmutations
 - Level 5.0 Ice Magic
 * Level 10.6 Air Magic


You had 14 spell levels left.
You knew the following spells:

 Your Spells              Type           Power      Damage    Failure   Level
a - Storm Form            Tmut/Air       39%        N/A       9%          7
b - Wereblood             Tmut           80%        N/A       1%          2
d - Blink                 Tloc           28%        N/A       1%          2
e - Ice Form              Ice/Tmut       86%        N/A       1%          4

Your spell library contained the following spells:

 Spells                   Type           Power      Damage    Failure   Level
 Beastly Appendage        Tmut           100%       N/A       0%          1
 Magic Dart               Conj           56%        1d5       1%          1
 Slow                     Hex            56%        N/A       1%          1
 Sting                    Tmut/Pois      100%       1d8       1%          1
 Call Imp                 Summ           14%        N/A       1%          2
 Cigotuvi's Dreadful Rot  Necr/Pois/Air  82%        N/A       1%          2
 Ensorcelled Hibernation  Hex/Ice        98%        N/A       1%          2
 Momentum Strike          Conj/Tloc      28%        3d8       1%          2
 Passwall                 Tmut/Erth      46%        N/A       1%          2
 Poisonous Vapours        Pois/Air       100%       N/A       1%          2
 Searing Ray              Conj           28%        2d5       1%          2
 Mephitic Cloud           Conj/Pois/Air  41%        N/A       1%          3
 Spider Form              Tmut/Pois      56%        N/A       1%          3
 Swiftness                Air            76%        N/A       1%          3
 Yara's Violent Unravell  Hex/Tmut       28%        3d12      2%          5
 Confusing Touch          Hex            14%        N/A       3%          3
 Lesser Beckoning         Tloc           28%        N/A       3%          3
 Summon Guardian Golem    Hex/Summ       14%        N/A       3%          3
 Vampiric Draining        Necr           14%        2d7       3%          3
 Fulminant Prism          Conj/Hex       7%         3d6       11%         4
 Enfeeble                 Hex            7%         N/A       100%        7
 Malign Gateway           Summ/Tloc      7%         N/A       100%        7


Dungeon Overview and Level Annotations

Branches:
Dungeon (11/15)            Temple (1/1) D:5            Lair (5/5) D:8
  Swamp (0/4) Lair:2       Spider (0/4) Lair:2        Slime (0/5) Lair:5
    Orc (0/2) D:10

Altars:
Ashenzari
Cheibriados
Dithmenos
Elyvilon
Fedhas
Gozag
Hepliaklqana
Kikubaaqudgha
Makhleb
Nemelex Xobeh
Okawaru
Qazlal
Ru
Sif Muna
Trog
Uskayaw
Vehumet
Wu Jian
Xom
Yredelemnul
Zin
The Shining One

Shops:
D:5 =   D:7 *:*([:

Portals:
Abyss: Lair:4

Annotations:
D:6 2 transporters
D:10 Urug
Lair:4 2 transporters, Kilil's ghost, journeyman DrNe
Lair:5 1 transporter, exclusion: 3 oklob plants, lotum's ghost, journeyman GrFi


Innate Abilities, Weirdness & Mutations

You cannot wear most types of armour.
You are amphibious.
You can wear up to eight rings at the same time.
Your skin changes colour to match your surroundings (Stealth+).
Your rubbery body absorbs attacks. (AC +1, EV +1)
((You are camouflaged when in or above water. (Stealth+)))
You have tentacles for arms and can constrict up to eight enemies at once.


Message History

You are poisoned.
You feel as though you will be slow longer.
You hit the hornet but do no damage. You tentacle-slap the hornet.
You squeeze the hornet!
The hornet is severely wounded.
You constrict the hornet.
You feel very sick. The meliai hits you with a +0 hand axe.
The meliai barely misses you. The killer bee closely misses you.
The killer bee stings you but does no damage.
The meliai hits you but does no damage. The meliai misses you.
The killer bee barely misses you. The killer bee stings you.
The hornet misses you. Lotum's ghost hits you!
* * * LOW HITPOINT WARNING * * *
Lotum's ghost burns you.
* * * LOW HITPOINT WARNING * * *
The meliai barely misses you. The meliai misses you.
The killer bee stings you but does no damage.
The killer bee barely misses you. The hornet barely misses you.
Lotum's ghost closely misses you. The killer bee barely misses you.
The meliai hits you with a +0 hand axe!
* * * LOW HITPOINT WARNING * * *
The meliai stings you.
* * * LOW HITPOINT WARNING * * *
The killer bee stings you but does no damage.
Blink to where?
Press: ? - help, Dir - move target You lose your grip on the hornet.
As you read the scroll of blinking, it crumbles to dust.
You feel sick. The meliai closely misses you. The meliai misses you.
The killer bee closely misses you. The killer bee stings you.
* * * LOW HITPOINT WARNING * * *
The killer bee stings you but does no damage.
The meliai misses you.
The meliai stings you but does no damage.
The killer bee stings you but does no damage.
The killer bee completely misses you. x2
The meliai hits you with a +0 war axe!
You die...
Your body crumbles into a pile of gold.

#...##y..#...##..#.....##
##P..####.#.#.##..##....##
#....##...#!..##..##....##
###..#.#.#.#.#y#...##..###
###..#.y#...#.y#.......# #
#...©#Wy#.#.#yy#©..#...# #
##...#yy#.y.#yy#..###..###
#...#y#y#y#y#y#.#####...#
##..##yy@#.yy##...##....#
#...##.#.###.##..........
#...##...#..y##..........
#...###.###.###..........
#....#########...........
#.....###.###....P#.....P
#................##...?..
###..#.............##.....
#.....##...#.......##.....


You could see 2 hornets, 2 meliai, 5 killer bees and lotum's ghost.

Vanquished Creatures
  5 dire elephants (Lair:5)
  A hydra (Lair:2)
  Erica (D:10)
  2 boulder beetles (Lair:5)
  2 two-headed ogres
  4 death yaks (Lair:5)
  An orb spider (Lair:2)
  2 bog bodies (Lair:2)
  A spectral anaconda (Lair:5)
  An obsidian statue (Lair:5)
  3 necromancers (Lair:5)
  6 black mambas
  A torpor snail (Lair:2)
  14 cane toads
  11 elephants (Lair:5)
  2 rime drakes
  11 komodo dragons
  4 polar bears
  A hornet (D:9)
  13 blink frogs
  11 dream sheep (Lair:4)
  A vampire (D:11)
  30 yaks
  3 shadows
  3 basilisks
  4 wyverns
  2 wraiths
  3 steam dragons
  A spectral cane toad (Lair:5)
  2 death yak simulacra (Lair:5)
  2 swamp worms (Lair:2)
  An acid dragon (D:9)
  16 water moccasins
  2 sky beasts (D:7)
  6 black bears
  4 orc warriors
  4 ice beasts
  An ogre (D:5)
  An elephant skeleton (Lair:5)
  20 wolves
  5 centaurs
  A phantom (D:5)
  2 kobold brigands (D:6)
  10 bullfrogs
  A scorpion (D:5)
  2 gnoll sergeants
  5 wights (D:9)
  4 killer bees (D:8)
  4 electric eels
  A howler monkey (D:6)
  A crimson imp (D:8)
  3 hounds
  6 orc priests
  A gnoll bouda (D:5)
  A jelly (D:8)
  7 iguanas
  8 orc wizards
  7 hell rats (Lair:1)
  23 gnolls
  10 adders
  A white imp (D:6)
  2 ufetubi (D:6)
  A dart slug (D:1)
  44 orcs
  8 ball pythons
  4 bats
  3 endoplasms
  3 giant cockroaches
  9 goblins
  8 hobgoblins
  3 jackals (D:3)
  11 kobolds
  A quokka (D:4)
  2 frilled lizards (D:2)
  4 rats
409 creatures vanquished.

Vanquished Creatures (others)
  17 fungi
  39 plants
  20 withered plants (Lair:5)
76 creatures vanquished.

Grand Total: 485 creatures vanquished

Notes
Turn   | Place    | Note
-------+----------+-------------------------------------------
     0 | D:1      | wormed the Octopode Transmuter began the quest for the Orb.
     0 | D:1      | Reached XP level 1. HP: 13/13 MP: 3/3
   196 | D:1      | Reached XP level 2. HP: 18/18 MP: 3/5
   650 | D:1      | Identified 3 scrolls of acquirement
   651 | D:1      | Acquired 844 gold pieces
   653 | D:1      | Acquired 311 gold pieces
   654 | D:1      | Acquired a staff of cold
   753 | D:2      | Reached XP level 3. HP: 23/23 MP: 4/6
   920 | D:2      | Learned a level 2 spell: Wereblood
  1105 | D:2      | Reached skill level 1 in Ice Magic
  1669 | D:3      | Reached XP level 4. HP: 25/29 MP: 3/7
  1873 | D:3      | Reached skill level 3 in Transmutations
  2262 | D:4      | Learned a level 4 spell: Ice Form
  2475 | D:4      | Reached XP level 5. HP: 30/34 MP: 4/8
  2937 | D:4      | Found a shadowy altar of Dithmenos.
  3019 | D:5      | Entered Level 5 of the Dungeon
  3028 | D:5      | Identified the +2 chain mail "Dotoaqil" {rF+ Dex+5}
  3054 | D:5      | Noticed a phantom
  3075 | D:5      | Killed a phantom
  3076 | D:5      | Reached XP level 6. HP: 35/39 MP: 5/10
  3403 | D:5      | Reached skill level 4 in Transmutations
  4076 | D:5      | Reached XP level 7. HP: 45/45 MP: 9/11
  4220 | D:5      | Found the +10 zealot's sword {holy, *Rage rN+ EV+3}
  4748 | D:5      | Found Hamuahui's Jewellery Boutique.
  4754 | D:5      | Bought a +6 ring of intelligence for 432 gold pieces
  4754 | D:5      | Bought a +6 ring of intelligence for 432 gold pieces
  5063 | D:5      | Reached skill level 5 in Transmutations
  5160 | D:5      | Found a staircase to the Ecumenical Temple.
  5239 | D:5      | Found an ornate altar of the Wu Jian Council.
  5239 | D:5      | Found a sparkling altar of Nemelex Xobeh.
  5247 | D:5      | Found a glowing golden altar of the Shining One.
  5249 | D:5      | Found a blossoming altar of Fedhas.
  5251 | D:5      | Found a snail-covered altar of Cheibriados.
  5412 | Temple   | Entered the Ecumenical Temple
  5441 | Temple   | Became a worshipper of Gozag Ym Sagoz the Greedy
  5604 | D:5      | Reached XP level 8. HP: 52/52 MP: 8/13
  6099 | D:6      | Found a transporter.
  6106 | D:6      | Found a transporter.
  6380 | D:6      | Reached skill level 6 in Transmutations
  6606 | D:6      | Reached skill level 5 in Unarmed Combat
  6647 | D:6      | Reached XP level 9. HP: 58/58 MP: 15/15
  6761 | D:7      | Found Hot Ytui's General Store.
  6935 | D:7      | Found Ehatruki's Book Boutique.
  6943 | D:7      | Bought a book of Spatial Translocations for 240 gold pieces
  6948 | D:7      | Learned a level 2 spell: Blink
  7058 | D:7      | Found Yjuqas Wethro's Assorted Antiques.
  7246 | D:7      | You fall into a shaft and drop 3 floors!
  7246 | D:10     | Entered Level 10 of the Dungeon
  7358 | D:10     | Noticed Urug
  7377 | D:10     | Reached skill level 5 in Dodging
  7377 | D:10     | Reached skill level 7 in Transmutations
  7747 | D:7      | Found Qebungoi's Antique Weapon Shoppe.
  7817 | D:7      | Found Imie's Antique Armour Emporium.
  7930 | D:7      | Found a radiant altar of Vehumet.
  8039 | D:8      | Reached skill level 5 in Spellcasting
  8194 | D:8      | Noticed a polar bear
  8212 | D:8      | Killed a polar bear
  8213 | D:8      | Reached skill level 5 in Fighting
  8213 | D:8      | Reached skill level 5 in Ice Magic
  8246 | D:8      | Found a staircase to the Lair.
  8247 | D:8      | Noticed a rime drake
  8259 | D:8      | Noticed a two-headed ogre
  8260 | D:8      | Reached XP level 10. HP: 66/66 MP: 13/17
  8303 | D:8      | Killed a two-headed ogre
  8304 | D:8      | Reached skill level 8 in Transmutations
  8651 | D:8      | Found a burning altar of Makhleb.
  8816 | D:9      | Found a stormy altar of Qazlal.
  8909 | D:9      | Reached skill level 9 in Transmutations
  8945 | D:9      | Noticed a two-headed ogre
  8954 | D:9      | Killed a two-headed ogre
  9129 | D:9      | Reached XP level 11. HP: 72/72 MP: 15/20
  9655 | D:10     | Noticed Erica
  9655 | D:10     | Found a staircase to the Orcish Mines.
  9900 | D:11     | Reached skill level 1 in Air Magic
 10117 | D:11     | Noticed a boulder beetle
 10456 | D:10     | Killed Erica
 10457 | D:10     | Reached skill level 10 in Transmutations
 10930 | Lair:1   | Entered Level 1 of the Lair of Beasts
 11049 | D:7      | Bought the Catalogue of Amorphous Assembling for 750 gold
                  | pieces
 11057 | D:7      | Learned a level 7 spell: Storm Form
 11521 | Lair:1   | Reached XP level 12. HP: 81/81 MP: 17/22
 11810 | Lair:1   | Reached skill level 5 in Air Magic
 12111 | Lair:1   | Reached skill level 11 in Transmutations
 12518 | Lair:2   | Noticed a six-headed hydra
 13250 | Lair:2   | Found a hole to the Spider Nest.
 13420 | Lair:2   | Killed a six-headed hydra
 13701 | Lair:2   | Reached XP level 13. HP: 77/88 MP: 16/24
 13951 | Lair:2   | Found a staircase to the Swamp.
 14883 | Lair:4   | Reached skill level 12 in Transmutations
 14929 | Lair:4   | Found a transporter.
 15500 | Lair:4   | Found a one-way gate to the infinite horrors of the Abyss.
 15500 | Lair:4   | Noticed Kilil's ghost (journeyman DrNe)
 15516 | Lair:4   | Found a transporter.
 15992 | Lair:5   | Entered Level 5 of the Lair of Beasts
 16271 | Lair:5   | Found a transporter.
 16271 | Lair:5   | Found a transporter.
 16305 | Lair:5   | Noticed lotum's ghost (journeyman GrFi)
 16415 | Lair:5   | Found a staircase to the Slime Pits.
 16796 | Lair:5   | Noticed a dire elephant
 16796 | Lair:5   | Noticed a dire elephant
 16797 | Lair:5   | Noticed a dire elephant
 16803 | Lair:5   | Noticed a dire elephant
 16813 | Lair:5   | Killed a dire elephant
 16854 | Lair:5   | Reached XP level 14. HP: 97/97 MP: 18/26
 16959 | Lair:5   | Killed a dire elephant
 16967 | Lair:5   | Killed a dire elephant
 16968 | Lair:5   | Reached skill level 10 in Unarmed Combat
 16971 | Lair:5   | Killed a dire elephant
 16972 | Lair:5   | Reached skill level 10 in Air Magic
 17134 | Lair:5   | Noticed a dire elephant
 17149 | Lair:5   | Killed a dire elephant
 17353 | Lair:5   | Identified the +3 falchion "Moicya" {spect, Str+4}
 17408 | Lair:5   | Reached skill level 10 in Dodging
 17751 | Lair:5   | Identified the ring of Wiym {Contam rN+ Str+3 Int+5 SInv}
 18011 | Lair:5   | Mangled by a meliai

Illustrated notes

Levels and vault maps discovered:
D:1:      saegor_arrival_simple_c, layout_basic
D:2:      layout_loops_ring
D:3:      layout_basic, chequers_serial_rivers_micro_e
D:4:      layout_basic, lemuel_tele_altar
D:5:      layout_loops_ring, chequers_temple_overflow_minitemple,
          minmay_temple_entry_nine_rooms, serial_shops, nicolae_shop_stone,
          minmay_checkerbox
D:6:      gammafunk_steamed_eel, layout_loops_corners, serial_bayou_lake_a
D:7:      layout_loops_ring, vehumet_crystals, serial_shops,
          nicolae_shop_window_shopping, shop_fountains, shop, shop_statue, shop
D:8:      layout_loops_ring, makhleb_grotto_becter, hellmonk_lair_entry_icy,
          item_on_display_a
D:9:      layout_loops_corners, kennysheep_mini_moat
D:10:     layout_basic, david_orc_3, uniq_erica, uniq_urug
D:11:     layout_basic
Temple:   cyrus_circular_temple
Lair:1:   layout_cave_pods
Lair:2:   layout_gridlike, nicolae_swamp_entry_splash_gauntlet,
          nicolae_spider_entry_orb_guardian, pdpol_lair_cavern_descent,
          serial_bayou_shore_b
Lair:3:   layout_long_grid
Lair:4:   layout_cave_pods, gammafunk_ghost_abyssal_escape, grunt_megastairs_1
Lair:5:   due_jungle_book, layout_regular_city, minmay_slime_entry_oklob_open,
          gammafunk_ghost_hive, hangedman_lair_unloving_vines,
          chequers_serial_rivers_marsh, infiniplex_staircase_pool_2

Skill      XL: |  1  2  3  4  5  6  7  8  9 10 11 12 13 14 |
---------------+-------------------------------------------+-----
Ice Magic      | 1 2 3 4 5 |  5.0
Transmutations | 3 4 5 6 7 9 10 11 12 | 12.0
Fighting       | 2 3 4 5 6 7 8 9 |  9.9
Dodging        | 3 4 5 6 7 8 9 10 | 10.0
Spellcasting   | 3 4 5 6 7 8 |  8.0
Unarmed Combat | 4 5 6 7 8 9 10 | 10.3
Air Magic      | 4 6 9 10 | 10.6

Action                   |  1- 3 |  4- 6 |  7- 9 | 10-12 | 13-15 || total
-------------------------+-------+-------+-------+-------+-------++-------
Melee: Unarmed           |    23 |    43 |   231 |   583 |   284 ||  1164
       Constrict         |    25 |    17 |     1 |       |     3 ||    46
       Kick              |    25 |    14 |       |       |       ||    39
       Punch             |     6 |     3 |       |       |    16 ||    25
       Tentacles         |    13 |    11 |       |       |     3 ||    27
       Staff             |    43 |    61 |     1 |       |    10 ||   115
 Cast: Beastly Appendage |    27 |    17 |       |       |       ||    44
       Wereblood         |     3 |    12 |     5 |    36 |    13 ||    69
       Ice Form          |       |     9 |    34 |    53 |     7 ||   103
       Storm Form        |       |       |       |       |    24 ||    24
Invok: Call Merchant     |       |       |     1 |       |       ||     1
Evoke: Wand              |       |       |       |    12 |       ||    12
  Use: Scroll            |    10 |     3 |     6 |     5 |     7 ||    31
       Potion            |     1 |       |       |     2 |       ||     3
 Stab: Sleeping          |     8 |       |       |       |     1 ||     9
       Distracted        |       |       |     1 |     1 |     2 ||     4
Armor: Skin              |     7 |    13 |   112 |   393 |   106 ||   631
Dodge: Dodged            |    39 |    71 |   117 |   381 |   224 ||   832

Table legend: (Time is in decaauts)
 A = Elapsed time spent in this place.
 B = Non-inter-level travel time spent in this place.
 C = Inter-level travel time spent in this place.
 D = Time resting spent in this place.
 E = Time spent auto-exploring this place.
 F = Levels seen in this place.
 G = Mean time per level.
                   A        B        C        D        E       F      G
               +--------+--------+--------+--------+--------+-----+--------+
         Total |  17966 |  16944 |   1022 |    662 |  12397 |  17 | 1056.8 |
       Dungeon |  10942 |  10239 |    703 |    627 |   7253 |  11 |  994.7 |
        Temple |     44 |     30 |     14 |      0 |     11 |   1 |   44.0 |
          Lair |   6978 |   6674 |    304 |     35 |   5133 |   5 | 1395.6 |
               +--------+--------+--------+--------+--------+-----+--------+

Top non-repeatable levels by time:
  Lair:5: 1989 daAuts
     D:4: 1705 daAuts
     D:5: 1701 daAuts
  Lair:1: 1517 daAuts
  Lair:2: 1496 daAuts
     D:6: 1184 daAuts
  Lair:4: 1164 daAuts
     D:9: 1017 daAuts
     D:8: 986 daAuts
  Lair:3: 810 daAuts
     D:3: 794 daAuts
    D:10: 782 daAuts
     D:2: 772 daAuts
     D:7: 737 daAuts
     D:1: 682 daAuts
